 Dungeon Crawl Stone Soup version 0.32-a0-933-ga8fa3634e4 (webtiles) character file.

Game seed: 9084649092619765829

19287 Autsider the Nimble (level 12, -2/92 HPs)
             Began as a Merfolk Summoner on Apr 14, 2024.
             Was a Priest of Kikubaaqudgha.
             Slain by an elephant (8 damage)
             ... on level 3 of the Lair of Beasts.
             The game lasted 00:52:09 (15470 turns).

Autsider the Nimble (Merfolk Summoner)             Turns: 15470, Time: 00:52:10

Health: -2/92      AC: 11    Str:  8    XL:     12   Next: 67%
Magic:  5/24       EV: 15    Int: 20    God:    Kikubaaqudgha [***...]
Gold:   939        SH: 11    Dex: 14    Spells: 12/27 levels left

rFire   . . .        N - +0 trident
rCold   . . .        K - +2 buckler
rNeg    . . .        I - +2 robe {Will+}
rPois   .            L - +0 helmet
rElec   .            V - +0 cloak {Stlth+}
rCorr   .            (no gloves)
SInv    .            J - +0 pair of boots
Will    +....        R - amulet of reflection
Stlth   +++++        w - ring of wizardry
HPRegen 0.35/turn    r - +4 ring of protection
MPRegen 0.19/turn

%: reflection, wizardry (x1)
@: about to teleport, very slightly contaminated
A: (nimble swimmer 2), mertail
a: Renounce Religion, Unearth Wretches


You were on level 3 of the Lair of Beasts.
You worshipped Kikubaaqudgha.
Kikubaaqudgha was most pleased with you.
You visited 3 branches of the dungeon, and saw 12 of its levels.
You also visited: Ossuary.

You collected 939 gold pieces.

Inventory:

Hand Weapons
 v - a +2 dagger of venom
 N - a +0 trident (weapon)
 O - a +0 whip of pain
Missiles
 C - 2 throwing nets
Armour
 y - a +3 leather armour
 I - a +2 robe of willpower (worn)
 J - a +0 pair of boots (worn)
 K - a +2 buckler (worn)
 L - a +0 helmet (worn)
 V - a +0 cloak of stealth (worn)
Magical Staves
 c - a staff of air
Jewellery
 o - a ring of fire
 r - a +4 ring of protection (right hand)
 s - a ring of poison resistance
 w - a ring of wizardry (left hand)
 G - a ring of protection from fire
 R - an amulet of reflection (around neck)
Talismans
 Q - a granite talisman
Wands
 b - a wand of acid (6)
 m - a wand of paralysis (10)
 u - a wand of flame (78)
 B - a wand of digging (5)
 M - a wand of warping (8)
 P - a wand of polymorph (13)
Scrolls
 e - 2 scrolls of poison
 g - a scroll of summoning
 h - 4 scrolls of enchant weapon
 i - 2 scrolls of torment
 p - 3 scrolls of immolation
 t - 2 scrolls of fog
 F - 2 scrolls of amnesia
 H - a scroll of teleportation {@r2}
 T - a scroll of vulnerability {unknown}
 U - a scroll of identify {@r1}
Potions
 f - 2 potions of curing
 j - a potion of attraction {unknown}
 l - a potion of lignification {unknown}
 n - 3 potions of brilliance
 q - a potion of cancellation {unknown}
 z - a potion of haste {unknown}
 A - 3 potions of enlightenment
 D - 3 potions of mutation {unknown}
 E - 2 potions of heal wounds {@q2}
 S - a potion of magic
Miscellaneous
 a - a phantom mirror


   Skills:
 + Level 7.7 Fighting
 - Level 10.0 Dodging
 + Level 9.5 Stealth
 + Level 1.7 Shields
 - Level 8.4 Spellcasting
 - Level 9.7 Summonings
 + Level 2.0 Necromancy
 - Level 5.0 Fire Magic
 - Level 5.0 Air Magic
 * Level 4.6 Shapeshifting


You had 12 spell levels left.
You knew the following spells:

 Your Spells              Type           Power      Damage    Failure   Level
a - Call Canine Familiar  Summ           47%        N/A       1%          3
b - Summon Blazeheart Go  Fire/Summ      38%        N/A       2%          4
c - Summon Lightning Spi  Summ/Air       38%        N/A       2%          4
e - Animate Dead          Necr           16%        N/A       21%         4

Your spell library contained the following spells:

 Spells                   Type           Power      Damage    Failure   Level
 Summon Small Mammal      Summ           100%       N/A       1%          1
 Call Imp                 Summ           94%        N/A       1%          2
 Kiss of Death            Conj/Necr      48%        2d9       3%          1
 Cigotuvi's Dreadful Rot  Necr/Alch/Air  34%        N/A       3%          2
 Sublimation of Blood     Necr           16%        N/A       3%          2
 Martyr's Knell           Necr/Summ      32%        N/A       4%          4
 Fugue of the Fallen      Necr           16%        N/A       6%          3
 Vampiric Draining        Necr           16%        2d7       6%          3
 Animate Armour           Summ/Erth      56%        N/A       7%          4
 Summon Cactus Giant      Summ           23%        N/A       14%         6
 Summon Forest            Summ/Tloc      14%        N/A       19%         5
 Summon Mana Viper        Hex/Summ       28%        N/A       19%         5
 Dispel Undead            Necr           16%        3d10      21%         4
 Passage of Golubria      Tloc           8%         N/A       43%         4
 Silence                  Hex/Air        9%         N/A       43%         5
 Summon Hydra             Summ           23%        N/A       58%         7
 Borgnjor's Vile Clutch   Necr/Erth      6%         N/A       65%         5
 Lee's Rapid Deconstruct  Erth           4%         3d5*      77%         5
 Death Channel            Necr           8%         N/A       96%         6
 Haunt                    Necr/Summ      16%        N/A       97%         7
 Eringya's Noxious Bog    Alch           4%         4d6       99%         6
 Infestation              Necr           8%         N/A       100%        8
 Lehudib's Crystal Spear  Conj/Erth      4%         10d3      100%        8


Dungeon Overview and Level Annotations

Branches:
Dungeon (8/15)             Temple (1/1) D:6            Lair (3/5) D:8
  Swamp (0/4) Lair:2      Ossuary (visited)
  Snake: Lair:2-3    Spider: Lair:2-3

Altars:
Ashenzari
Cheibriados
Dithmenos
Elyvilon
Fedhas
Gozag
Hepliaklqana
Kikubaaqudgha
Makhleb
Nemelex Xobeh
Okawaru
Qazlal
Ru
Sif Muna
Trog
Uskayaw
Vehumet
Wu Jian
Xom
Yredelemnul
Zin
The Shining One

Shops:
D:2 (

Annotations:
D:3 2 runed translucent doors, MirrMurr's ghost, amateur KoHu
D:4 exclusion: downstairs
D:7 exclusion: downstairs
Temple 2 transporters
Lair:2 exclusions: 2 downstairs and 1 more exclusion


Innate Abilities, Weirdness & Mutations

((You are very nimble when in or above water. (Stealth+, EV+, Speed+++)))
Your lower body shifts to a powerful aquatic tail in water.


Message History

The elephant tramples you!
* * * LOW HITPOINT WARNING * * *
You stumble backwards!
The elephant tramples your lightning spire.
The elephant trunk-slaps your lightning spire but does no damage.
The elephant tramples your lightning spire.
The elephant trunk-slaps your lightning spire but does no damage.
Your blazeheart golem punches the elephant!!
The blink frog barely misses you.
The blink frog hits your blazeheart golem!
The elephant tramples your blazeheart golem!!
Your lightning spire shoots out a bolt of lightning at the elephant!
The bolt of electricity hits the elephant!
The bolt of electricity hits the elephant.
As you read the scroll of teleportation {@r2}, it crumbles to dust.
You feel strangely unstable.
The blink frog hits you but does no damage.
You block the elephant's attack.
The elephant trunk-slaps you but does no damage.
The elephant tramples you but does no damage.
The elephant barely misses you.
Your blazeheart golem punches the blink frog!
Your blazeheart golem falls apart, revealing its core!
Casting: Summon Blazeheart Golem (dangerous; 2% risk of failure)
Confirm with . or Enter, or press ? or * to list all spells.
You miscast Animate Dead.
You are very lightly contaminated with residual magic.
Kikubaaqudgha protects you from your miscast necromantic spell!
You block the blink frog's attack.
Your blazeheart core explodes!
The fiery explosion engulfs the elephant!
The fiery explosion engulfs the blink frog!!
You kill the blink frog!
Kikubaaqudgha accepts your kill. The fiery explosion engulfs you!!
* * * LOW HITPOINT WARNING * * *
The elephant barely misses you. You block the elephant's attack.
The elephant tramples you!
You die...
Kikubaaqudgha rasps: You have failed me!
Welcome... death!

#P............#
##............#
###P..<.........#
#.#.†...........
#...............
##.†...I....#.. #......YF.## #
#......FYYY## #P.....YY@§.#
..........○☼### ..........○##
.............. ..............
...###........
....P....P...#................
..P.... .............. .......
.............. .......P......


You could see 6 elephants, 2 blink frogs and a friendly lightning spire
(summoned).

Vanquished Creatures
  A catoblepas (Lair:2)
  3 hydras (Lair:2)
  A death yak (Lair:2)
  Urug (Lair:1)
  2 manticores (Lair:2)
  4 elephants
  3 cane toads
  3 black mambas (Lair:2)
  2 komodo dragons
  Psyche (D:8)
  2 blink frogs
  2 wyverns
  5 yaks (D:8)
  2 basilisks
  A steam dragon (D:7)
  Menkaure (D:5)
  Duvessa (D:5)
  5 water moccasins
  An orc warrior (D:8)
  An ice beast (D:8)
  10 wolves
  A centaur (D:7)
  A lemure (D:7)
  Blork the orc (D:5)
  A bullfrog (Lair:1)
  A killer bee (D:8)
  2 electric eels (Lair:2)
  A hound (D:5)
  A jelly (D:4)
  A bullfrog zombie (Ossuary)
  An orc priest (D:5)
  4 iguanas (D:8)
  Natasha (D:3)
  A killer bee zombie (Ossuary)
  A crocodile zombie (Ossuary)
  3 mummies (Ossuary)
  2 hound zombies (Ossuary)
  2 howler monkey zombies (Ossuary)
  3 adders
  2 gnolls (D:8)
  An ufetubus (D:4)
  2 dart slugs
  7 orcs
  3 bats
  6 endoplasms
  6 giant cockroaches
  11 goblins
  4 hobgoblins
  5 quokkas
  3 ball pythons
  3 ball python zombies (Ossuary)
  4 frilled lizards
  6 kobolds
  4 rats
147 creatures vanquished.

Vanquished Creatures (collateral kills)
  A dire elephant (Lair:2)
  A boulder beetle (Lair:2)
  Pikel (D:7)
  Maurice (D:8)
  An elephant (Lair:3)
  A cane toad (Lair:1)
  A rime drake (Lair:2)
  A polar bear (Lair:2)
  4 blink frogs (Lair:2)
  2 yaks
  7 water moccasins
  2 black bears
  An ogre (D:5)
  2 wolves (Lair:2)
  2 lemures (D:7)
  A kobold brigand (D:7)
  5 bullfrogs
  Dowan (D:5)
  2 killer bees (D:8)
  A nameless horror (Lair:2)
  2 electric eels (Lair:2)
  3 bombardier beetles
  A bullfrog zombie (Ossuary)
  Crazy Yiuf (D:6)
  2 orc priests
  A gnoll bouda (D:8)
  A hound (D:4)
  3 jellies
  3 mummies (Ossuary)
  2 orc wizards (D:8)
  Natasha (twice) (D:3)
  2 crocodile zombies (Ossuary)
  4 hound zombies (Ossuary)
  Robin (D:3)
  5 howler monkey zombies (Ossuary)
  5 gnolls
  6 adders
  A river rat (D:8)
  A shadow imp (D:5)
  2 white imps
  5 ufetubi
  3 ribbon worms (D:6)
  18 orcs
  2 endoplasms (D:1)
  2 giant cockroaches
  10 goblins
  6 hobgoblins
  A jackal (D:1)
  3 quokkas
  3 ball pythons
  2 ball python zombies (Ossuary)
  4 bats
  2 frilled lizards
  6 kobolds
  4 rats
157 creatures vanquished.

Vanquished Creatures (others)
  An orc wizard (D:5)
  61 blazeheart cores
62 creatures vanquished.

Grand Total: 366 creatures vanquished

Notes
Turn   | Place    | Note
-------+----------+-------------------------------------------
     0 | D:1      | Autsider the Merfolk Summoner began the quest for the Orb.
     0 | D:1      | Reached XP level 1. HP: 13/13 MP: 3/3
    67 | D:1      | You fall into a shaft and drop 1 floor!
    67 | D:2      | Found Tilenet's Antique Weapon Shop.
   213 | D:1      | Reached XP level 2. HP: 9/19 MP: 0/5
   214 | D:1      | Reached skill level 3 in Dodging
   866 | D:1      | Reached XP level 3. HP: 22/24 MP: 6/6
   870 | D:1      | Learned a level 3 spell: Call Canine Familiar
  1554 | D:2      | Reached XP level 4. HP: 21/30 MP: 7/7
  1939 | D:2      | Found a faded altar of an unknown god.
  2427 | D:3      | Found a runed translucent door.
  2451 | D:3      | Reached skill level 4 in Dodging
  2477 | D:3      | Reached XP level 5. HP: 20/35 MP: 9/9
  2554 | D:3      | Found a runed translucent door.
  2836 | D:3      | Noticed Natasha
  2844 | D:3      | Killed Natasha
  3094 | D:3      | Noticed Robin
  3174 | D:3      | Killed Robin
  3537 | D:3      | Noticed MirrMurr's ghost (amateur KoHu)
  3566 | D:3      | Noticed Natasha
  3574 | D:3      | Killed Natasha
  3575 | D:3      | Reached XP level 6. HP: 41/41 MP: 6/10
  4247 | D:3      | Noticed Natasha
  4263 | D:3      | Killed Natasha
  4264 | D:3      | Reached skill level 5 in Summonings
  4432 | D:4      | Learned a level 4 spell: Summon Blazeheart Golem
  4815 | D:4      | Reached skill level 1 in Fire Magic
  5533 | D:5      | Entered Level 5 of the Dungeon
  5533 | D:5      | Noticed Menkaure
  5635 | D:5      | Reached XP level 7. HP: 40/46 MP: 9/12
  5760 | D:5      | Found a shimmering blue altar of Sif Muna.
  5765 | D:5      | Found an ancient bone altar of Kikubaaqudgha.
  5771 | D:5      | Noticed Blork the orc
  5896 | D:5      | Noticed Dowan
  5900 | D:5      | Noticed Duvessa
  5902 | D:5      | Found a sand-covered staircase.
  5905 | D:5      | Killed Dowan
  5908 | D:5      | Killed Duvessa
  5941 | D:5      | HP: 2/46 [poisoned by a water moccasin]
  5950 | D:5      | Killed Menkaure
  5951 | D:5      | Reached XP level 8. HP: 12/52 MP: 8/15
  6057 | Ossuary  | Entered an ossuary
  6117 | Ossuary  | Reached skill level 5 in Spellcasting
  6711 | D:5      | Killed Blork the orc
  6733 | D:5      | Became a worshipper of Kikubaaqudgha
  6771 | D:5      | Learned a level 4 spell: Summon Lightning Spire
  7095 | D:6      | Reached skill level 5 in Dodging
  7271 | D:6      | Noticed a moth of wrath
  7274 | D:6      | Found a bloodstained altar of Trog.
  7374 | D:6      | Reached skill level 1 in Fighting
  7374 | D:6      | Reached XP level 9. HP: 59/59 MP: 13/18
  7795 | D:6      | Found a staircase to the Ecumenical Temple.
  7814 | Temple   | Found a transporter.
  7814 | Temple   | Found a transporter.
  7814 | Temple   | Found a transporter.
  7814 | Temple   | Found a transporter.
  7814 | Temple   | Entered the Ecumenical Temple
  8404 | D:6      | Found a runed translucent door.
  8405 | D:6      | Noticed Crazy Yiuf
  8415 | D:6      | Killed Crazy Yiuf
  8472 | D:7      | Reached skill level 1 in Air Magic
  8983 | D:7      | Noticed Pikel
  8993 | D:7      | Killed Pikel
  8994 | D:7      | Reached skill level 6 in Dodging
  8994 | D:7      | Reached skill level 5 in Stealth
  9550 | D:8      | Noticed Maurice
  9556 | D:8      | Maurice stole 522 gold
  9570 | D:8      | Something stole a +0 whip of pain
  9582 | D:8      | Something stole a ring of protection from fire
  9599 | D:8      | Killed Maurice
  9708 | D:8      | Reached * piety under Kikubaaqudgha
  9708 | D:8      | Received a gift from Kikubaaqudgha
  9771 | D:8      | Noticed Psyche
 10130 | D:8      | Reached XP level 10. HP: 70/70 MP: 13/20
 10148 | D:8      | Reached skill level 7 in Dodging
 10371 | D:8      | Found a staircase to the Lair.
 10483 | D:8      | Reached ** piety under Kikubaaqudgha
 10863 | D:8      | Killed Psyche
 11022 | Lair:1   | Entered Level 1 of the Lair of Beasts
 11119 | Lair:1   | Found a stormy altar of Qazlal.
 11131 | Lair:1   | Noticed Urug
 11148 | Lair:1   | Killed Urug
 11149 | Lair:1   | Reached skill level 5 in Fighting
 11149 | Lair:1   | Reached skill level 8 in Dodging
 11528 | Lair:1   | Noticed a cane toad
 11539 | Lair:1   | Reached XP level 11. HP: 80/80 MP: 18/22
 12077 | Lair:2   | HP: 4/81 [electric eel/bolt of electricity (9)]
 12555 | Lair:2   | HP: 3/81 [blink frog (12)]
 12794 | Lair:2   | Noticed a seven-headed hydra
 12801 | Lair:2   | Killed a seven-headed hydra
 12843 | Lair:2   | Reached skill level 9 in Dodging
 13129 | Lair:2   | Found a staircase to the Swamp.
 13238 | Lair:2   | Noticed a four-headed hydra
 13258 | Lair:2   | Killed a four-headed hydra
 13259 | Lair:2   | Reached skill level 5 in Fire Magic
 13323 | Lair:2   | Noticed a dire elephant
 13323 | Lair:2   | Noticed a catoblepas
 13344 | Lair:2   | Found a runed translucent door.
 13448 | Lair:2   | Noticed a manticore
 13451 | Lair:2   | Noticed a five-headed hydra
 13457 | Lair:2   | Noticed a manticore
 13460 | Lair:2   | Killed a five-headed hydra
 13467 | Lair:2   | Killed a manticore
 13468 | Lair:2   | Reached XP level 12. HP: 54/89 MP: 9/24
 13651 | Lair:2   | Noticed a boulder beetle
 13827 | Lair:2   | Killed a boulder beetle
 13828 | Lair:2   | Reached skill level 5 in Air Magic
 14598 | Lair:2   | Learned a level 4 spell: Animate Dead
 14766 | Lair:2   | Reached skill level 1 in Shapeshifting
 14798 | Lair:2   | Killed a catoblepas
 14819 | Lair:2   | Reached skill level 10 in Dodging
 14917 | Lair:2   | Killed a dire elephant
 14917 | Lair:2   | Reached *** piety under Kikubaaqudgha
 14917 | Lair:2   | Received a gift from Kikubaaqudgha
 14918 | Lair:2   | Reached skill level 1 in Necromancy
 15166 | Lair:3   | Noticed a four-headed hydra
 15167 | Lair:3   | Noticed a death yak
 15173 | Lair:3   | Noticed a death yak
 15174 | Lair:3   | Noticed a death yak
 15176 | Lair:3   | Reached skill level 1 in Shields
 15300 | Lair:3   | Found a blossoming altar of Fedhas.
 15317 | Lair:2   | Killed a death yak
 15470 | Lair:3   | Slain by an elephant

Illustrated notes

Levels and vault maps discovered:
D:1:      psy_arrival_statuary, layout_basic, serial_co_window_serial,
          co_window_paths_a, co_window_paths_a, co_window_paths_a,
          co_window_corner_a, co_window_paths_b, co_window_unsneaky_path_c,
          co_window_corner_b, co_window_of_opportunity_c, co_window_paths_e,
          co_window_4corner_a, glass_columns_a, glass_columns_b,
          glass_columns_a, minmay_cut_off
D:2:      minmay_thinvault, layout_loops_ring, ebering_ecumenical_altar_rust,
          serial_shops, nicolae_shop_waterfront
D:3:      layout_loops_corners, ebering_ghost_sewer_f, corner_web_ring,
          uniq_natasha, uniq_robin
D:4:      minmay_opposing_rooms, layout_cave_pods
D:5:      layout_rooms, mainiacjoe_overflow_catwalk_spiral, enter_ossuary_2,
          uniq_duvessa, uniq_menkaure, uniq_blork_the_orc
D:6:      layout_layer_cave, tgw_trog, temple_fountains, uniq_crazy_yiuf_cottage
D:7:      layout_rooms, uniq_pikel
D:8:      layout_cave_pods, dpeg_lair_monsters, enter_bailey_5, uniq_psyche,
          uniq_maurice
Temple:   hellmonk_temple_divided_pantheon
Lair:1:   layout_cave_shapes, basic_altar, serial_bayou_shore_b, uniq_urug
Lair:2:   gammafunk_lair_enchanted_lake, layout_regular_city, swamp_mist,
          eino_small_chamber_without_monster, serial_bayou_lagoon_a,
          pdpol_lair_cavern_descent
Lair:3:   layout_hall_layers, guppyfry_snake_entry_island, basic_altar,
          small_statue_intersection

Skill      XL: |  1  2  3  4  5  6  7  8  9 10 11 12 |
---------------+-------------------------------------+-----
Dodging        | 3 4 5 6 8 9 10 | 10.0
Stealth        | 3 4 6 7 8 9 |  9.5
Spellcasting   | 3 4 6 7 8 |  8.4
Summonings     | 5 6 7 8 9 |  9.7
Fire Magic     | 1 3 5 |  5.0
Fighting       | 1 3 5 6 7 |  7.7
Air Magic      | 2 3 4 5 |  5.0
Shapeshifting  | 4 |  4.6
Necromancy     | 2 |  2.0
Shields        | 1 |  1.7

Action                     |  1- 3 |  4- 6 |  7- 9 | 10-12 || total
---------------------------+-------+-------+-------+-------++-------
  Melee: Spear             |    98 |   211 |   113 |       ||   422
         Trident           |       |       |    24 |    83 ||   107
   Cast: Summon Small Mamm |    19 |       |       |       ||    19
         Call Canine Famil |     5 |    20 |    23 |     9 ||    57
         Summon Blazeheart |       |     2 |    21 |    63 ||    86
         Summon Lightning  |       |       |    28 |    20 ||    48
  Evoke: Wand              |       |       |     2 |       ||     2
    Use: Scroll            |       |     7 |     7 |     3 ||    17
         Potion            |       |       |     4 |     3 ||     7
   Stab: Sleeping          |     6 |     6 |       |       ||    12
         Distracted        |     1 |     1 |     1 |     2 ||     5
 Armour: Robe              |    50 |   102 |   115 |   162 ||   429
  Dodge: Dodged            |    58 |   104 |   107 |    98 ||   367
  Block: Buckler           |       |       |     7 |    41 ||    48

Table legend: (Time is in decaauts)
 A = Elapsed time spent in this place.
 B = Non-inter-level travel time spent in this place.
 C = Inter-level travel time spent in this place.
 D = Time resting spent in this place.
 E = Time spent auto-exploring this place.
 F = Levels seen in this place.
 G = Mean time per level.
                   A        B        C        D        E       F      G
               +--------+--------+--------+--------+--------+-----+--------+
         Total |  15477 |  14040 |   1437 |   2451 |   8209 |  13 | 1190.5 |
       Dungeon |  10645 |   9285 |   1360 |    433 |   6742 |   8 | 1330.6 |
        Temple |      1 |      1 |      0 |      0 |      0 |   1 |    1.0 |
          Lair |   4402 |   4326 |     76 |   1952 |   1422 |   3 | 1467.3 |
       Ossuary |    428 |    428 |      0 |     65 |     45 |   1 |  428.0 |
               +--------+--------+--------+--------+--------+-----+--------+

Top non-repeatable levels by time:
  Lair:2: 3334 daAuts
     D:3: 1965 daAuts
     D:6: 1511 daAuts
     D:4: 1401 daAuts
     D:1: 1301 daAuts
     D:8: 1252 daAuts
     D:7: 1223 daAuts
     D:2: 1109 daAuts
  Lair:1: 959 daAuts
     D:5: 879 daAuts
 Ossuary: 428 daAuts
  Lair:3: 109 daAuts
  Temple: 1 daAuts
